 Dungeon Crawl Stone Soup version 0.17-a0-877-ga10078a (webtiles) character file.

523 FedoraBrony69 the Conjurer (level 7, -2/36 HPs)
             Began as a Deep Elf Conjurer on Apr 30, 2015.
             Shot with an arrow by a centaur (16 damage)
             ... on level 5 of the Dungeon.
             The game lasted 00:08:44 (3657 turns).

FedoraBrony69 the Conjurer (Deep Elf Conjurer)      Turns: 3657, Time: 00:08:44

Health: -2/36      AC:  6    Str:  5    XL:     7   Next: 2%
Magic:  7/18       EV: 13    Int: 22    God:
Gold:   234        SH:  0    Dex: 15    Spells: 3 memorised, 8 levels left

rFire  + . .     SeeInvis .     k - +0 whip
rCold  x . .     Clarity  .     a - +0 robe
rNeg   . . .     SustAb   +     (no shield)
rPois  .         Gourm    .     I - +1 helmet
rElec  .         Spirit   .     g - +0 cloak
rCorr  .         Warding  .     J - +0 pair of gloves
rMut   .         Stasis   .     (no boots)
MR     .....                    n - amulet of faith
Stlth  ++........               u - ring of fire
                                d - ring of sustain abilities

@: very slightly contaminated, not resistant to hostile enchantments, unstealthy
A: no striking features
a: no special abilities


You were on level 5 of the Dungeon.
You were hungry.

You visited 1 branch of the dungeon, and saw 5 of its levels.

You collected 234 gold pieces.

Inventory:

Hand weapons
 k - a +0 whip (weapon)
Armour
 a - a +0 robe (worn)
 g - a +0 cloak (worn)
 F - a cursed +0 cloak
 I - a +1 helmet (worn)
 J - a +0 pair of gloves (worn)
Jewellery
 d - a ring of sustain abilities (left hand)
 n - an amulet of faith (around neck)
 u - a ring of fire (right hand)
 G - an uncursed ring of poison resistance {unknown}
 K - an uncursed amulet of warding {unknown}
Magical devices
 D - a wand of fireball (12)
Scrolls
 h - 4 scrolls of enchant armour {unknown}
 j - 5 scrolls of magic mapping {unknown}
 q - 2 scrolls of remove curse {unknown}
 r - a scroll of enchant weapon {unknown}
 t - a scroll of noise {unknown}
 w - a scroll of blinking {unknown}
 y - a scroll of recharging {unknown}
 A - a scroll of identify {unknown}
 E - a scroll of teleportation {unknown}
 H - a scroll of random uselessness {unknown}
Potions
 e - 4 potions of brilliance {unknown}
 i - 3 potions of agility {unknown}
 o - a potion of might {unknown}
 p - 2 potions of haste {unknown}
 s - a potion of beneficial mutation {unknown}
 v - 2 potions of ambrosia {unknown}
 x - a potion of poison {unknown}
 B - a potion of curing {unknown}
 C - a potion of mutation {unknown}
Books
 b - a book of Conjurations

   Spells                             Type                      Level
   a - Magic Dart                     Conjuration                  1
   b - Searing Ray                    Conjuration                  2
   c - Dazzling Spray                 Conjuration/Hexes            3
   d - Fulminant Prism                Conjuration/Hexes            4
   e - Iskenderun's Mystic Blast      Conjuration                  4
   f - Iskenderun's Battlesphere      Conjuration/Charms           5
Comestibles
 c - 6 bread rations
 f - 3 fruits
 l - a beef jerky
 m - 4 meat rations


   Skills:
 - Level 2.4 Dodging
 - Level 2.4 Stealth
 + Level 6.4 Spellcasting
 + Level 6.6 Conjurations
 * Level 5.3 Charms


You had 8 spell levels left.
You knew the following spells:

 Your Spells              Type           Power        Failure   Level  Hunger
a - Magic Dart            Conj           ####         1%          1    None
b - Iskenderun's Battles  Conj/Chrm      ####....     21%         5    #####..
c - Iskenderun's Mystic   Conj           #####...     8%          4    ###....


Dungeon Overview and Level Annotations

Branches:
Dungeon (5/15)
 Temple: D:4-7

Altars:
Ashenzari
Cheibriados
Dithmenos
Fedhas
Ru
Xom

Shops:
D:4 =

Annotations:
D:5 Fiveotanaka's ghost, average HOAK


Message History

The centaur is lightly wounded.
The centaur shouts!
The centaur wields a shortbow.
The centaur shoots an arrow.
The arrow barely misses you.
Casting: Magic Dart
Confirm with . or Enter, or press ? or * to list all spells.
Okay, then.
Unknown command.
Casting: Magic Dart
Confirm with . or Enter, or press ? or * to list all spells.
You miscast Iskenderun's Battlesphere.
You are very lightly contaminated with residual magic.
A wave of violent energy washes through your body!
The centaur shoots an arrow.
The arrow hits you!
Casting: Iskenderun's Battlesphere
Confirm with . or Enter, or press ? or * to list all spells.
You conjure a globe of magical energy.
You are feeling hungry.
The centaur shoots an arrow.
The arrow hits you!
You die...

......#.#.#.........
......#.#.#<....#.c.
........#..........# #
......########..#..
.## ......#
#..#.##.... #######
#..#....... #
#..........
##############*......#
...............#@###.#
################.# #.#
#.# #.. ##. . .# .


You could see a centaur.

Vanquished Creatures
  A centaur (D:5)
  A giant frog (D:5)
  A scorpion (D:4)
  A crimson imp (D:5)
  A centaur zombie (D:5)
  2 orc wizards (D:3)
  3 worker ants
  5 adders
  An ooze (D:2)
  A worm (D:3)
  3 giant geckos
  8 orcs (D:3)
  A ball python (D:4)
  7 bats
  6 hobgoblins
  3 jackals (D:2)
  4 kobolds
  5 quokkas
  5 giant cockroaches
  8 giant newts
  9 goblins
  A quokka skeleton (D:4)
  16 rats
  A fungus (D:4)
94 creatures vanquished.

Notes
Turn   | Place    | Note
--------------------------------------------------------------
     0 | D:1      | FedoraBrony69, the Deep Elf Conjurer, began the quest for the Orb.
     0 | D:1      | Reached XP level 1. HP: 10/10 MP: 6/6
   624 | D:2      | Reached XP level 2. HP: 15/15 MP: 5/8
   777 | D:2      | Found a snail-covered altar of Cheibriados.
   888 | D:2      | Reached XP level 3. HP: 19/19 MP: 7/10
   945 | D:2      | Reached skill level 5 in Conjurations
  1295 | D:3      | Reached skill level 5 in Spellcasting
  1295 | D:3      | Reached XP level 4. HP: 22/24 MP: 4/13
  1895 | D:3      | Found a shimmering altar of Xom.
  1899 | D:3      | Found a shattered altar of Ashenzari.
  2015 | D:3      | Reached XP level 5. HP: 24/28 MP: 9/15
  2074 | D:3      | Learned a level 5 spell: Iskenderun's Battlesphere
  2079 | D:3      | Learned a level 4 spell: Iskenderun's Mystic Blast
  2252 | D:3      | Reached skill level 1 in Charms
  2388 | D:4      | Found a blossoming altar of Fedhas.
  2435 | D:4      | Found Butawogek's Jewellery Shoppe.
  2455 | D:4      | Reached skill level 6 in Conjurations
  2740 | D:4      | You fall through a shaft!
  2740 | D:5      | Entered Level 5 of the Dungeon
  2790 | D:5      | Found a shadowy altar of Dithmenos.
  2794 | D:5      | Noticed Fiveotanaka's ghost (average HOAK)
  2890 | D:5      | Reached XP level 6. HP: 17/32 MP: 9/17
  3079 | D:5      | Noticed a centaur
  3101 | D:4      | Found a sacrificial altar of Ru.
  3366 | D:5      | Noticed a centaur
  3372 | D:5      | Killed a centaur
  3372 | D:5      | Reached skill level 5 in Charms
  3452 | D:5      | Reached XP level 7. HP: 28/36 MP: 7/18
  3657 | D:5      | Shot with an arrow by a centaur

Action                   |  1- 3 |  4- 6 |  7- 9 || total
-------------------------+-------+-------+-------++-------
Melee: Unarmed           |     4 |       |       ||     4
       Whip              |     3 |    42 |       ||    45
 Cast: Magic Dart        |    53 |   142 |     1 ||   196
       Iskenderun's Myst |       |     3 |     1 ||     4
       Iskenderun's Batt |       |       |     1 ||     1
  Eat: Chunk             |     1 |     7 |     1 ||     9
